 Dungeon Crawl Stone Soup version 0.29.1-15-g9cfb28693d (webtiles) character file.

Game seed: 15805075586120309322

115 Sharkman1231 the Insei (level 4, -1/35 HPs)
             Began as a Draconian Transmuter on Apr 14, 2023.
             Was an Initiate of Ru.
             Slain by a gnoll
             ... wielding a +0 spear
              (2 damage)
             ... on level 4 of the Dungeon.
             The game lasted 00:01:59 (2505 turns).

Sharkman1231 the Insei (Draconian Transmuter)       Turns: 2505, Time: 00:02:00

Health: -1/35      AC:  5    Str: 13    XL:     4   Next: 68%
Magic:  7/7        EV: 12    Int: 13    God:    Ru [......]
Gold:   160        SH:  0    Dex: 13    Spells: 3/7 levels left

rFire   . . .      SeeInvis .     - Unarmed
rCold   . . .      Faith    .   (no shield)
rNeg    . . .      Spirit   .   (body armour unavailable)
rPois   .          Reflect  .   (helmet restricted)
rElec   .          Harm     .   (no cloak)
rCorr   .          Rampage  .   (no gloves)
Will    .....                   (no boots)
Stlth   +.........              (no amulet)
HPRegen 0.11/turn               (no ring)
MPRegen 0.10/turn               (no ring)

@: slowed, very slow
A: AC +5, unfitting armour, cold-blooded
a: Renounce Religion


You were on level 4 of the Dungeon.
You worshipped Ru.
Ru was noncommittal.
You visited 1 branch of the dungeon, and saw 4 of its levels.

You collected 160 gold pieces.

Inventory:

Missiles
 c - 2 throwing nets
Scrolls
 e - 2 scrolls of poison {unknown}
 f - 3 scrolls of identify {unknown}
 g - a scroll of teleportation {unknown}
 i - a scroll of noise {unknown}
 j - a scroll of fear {unknown}
Potions
 a - 3 potions of lignification
 b - a potion of flight {unknown}
 d - 4 potions of curing {unknown}
 h - a potion of mutation {unknown}


   Skills:
 + Level 1.5 Fighting
 + Level 2.3 Dodging
 * Level 4.9 Unarmed Combat
 - Level 2.0 Spellcasting
 + Level 2.2 Transmutations


You had 3 spell levels left.
You knew the following spells:

 Your Spells              Type           Power      Damage    Failure   Level
a - Beastly Appendage     Tmut           14%        N/A       11%         1
b - Spider Form           Tmut/Pois      4%         N/A       43%         3

Your spell library contained the following spells:

 Spells                   Type           Power      Damage    Failure   Level
 Wereblood                Tmut           7%         N/A       16%         2
 Dazzling Flash           Conj/Hex       2%         N/A       58%         3
 Ice Form                 Ice/Tmut       4%         N/A       85%         4
 Agony                    Necr           1%         N/A       100%        5
 Silence                  Hex/Air        0%         N/A       100%        5


Dungeon Overview and Level Annotations

Branches:
Dungeon (4/15)
 Temple: D:4-7

Altars:
Ru

Shops:
D:1 :


Innate Abilities, Weirdness & Mutations

Your plain brown scales are hard. (AC +5)
You cannot fit into any form of body armour.
You are cold-blooded and may be slowed by cold attacks.


Message History

The jackal barely misses you.
A gnoll comes into view. It is wielding a +0 halberd.
You completely miss the jackal. Your punch misses the jackal.
The jackal bites you but does no damage.
You hit the jackal.
The jackal is severely wounded.
The jackal barely misses you.
Unknown command.
Found a stone staircase leading up.
The jackal closely misses you. The jackal barely misses you.
The endoplasm freezes you.
You are frozen.
You feel yourself slow down.
You see here a ball python corpse.
You hit the jackal.
You kill the jackal!
A gnoll comes into view. It is wielding a +0 spear.
The endoplasm closely misses you.
The gnoll shouts!
You hit the endoplasm.
The endoplasm is heavily wounded.
You hear a shout! x2
The endoplasm hits you.
The gnoll hits you from afar with a +0 halberd!
The endoplasm freezes you.
You are frozen.
You feel as though you will be slow longer.
The gnoll closely misses you. The endoplasm barely misses you.
The endoplasm attacks as you move away! The endoplasm barely misses you.
A water moccasin and a gnoll come into view.
Found an iron wand.
An orc comes into view. It is wielding a +0 hand axe.
The gnoll misses you.
The gnoll hits you from afar with a +0 halberd!
* * * LOW HITPOINT WARNING * * *
The water moccasin moves out of view.
The endoplasm freezes you.
You are frozen.
* * * LOW HITPOINT WARNING * * *
The gnoll hits you from afar with a +0 spear.
You die...

...##..# ...# .
.....o##...... ..
.........^... ..
............#
#<......##..#.# #
#.#........#. #.
#/..g...#...
##.#####....#>.#
#...#..@Jg†.#..###
#...........#....#######
....#....#..............
... #.......#.###....###
. #....##.#........>..
#....##.#.....###.##
####..........# #
####.#.##..# #.#..#..#


You could see 2 gnolls, an orc (wandering) and an endoplasm.

Vanquished Creatures
  A howler monkey (D:4)
  2 adders (D:2)
  A dart slug (D:2)
  An orc (D:3)
  5 endoplasms
  A giant cockroach (D:2)
  6 goblins
  6 hobgoblins
  6 jackals
  4 kobolds
  A quokka (D:1)
  6 ball pythons
  3 bats
  A frilled lizard (D:1)
  8 rats
52 creatures vanquished.

Notes
Turn   | Place    | Note
-------+----------+-------------------------------------------
     0 | D:1      | Sharkman1231 the Draconian Transmuter began the quest for
                  | the Orb.
     0 | D:1      | Reached XP level 1. HP: 16/16 MP: 3/3
   315 | D:1      | Reached XP level 2. HP: 23/23 MP: 5/5
   647 | D:1      | Found Deceetra's Book Emporium.
   755 | D:1      | Reached skill level 4 in Unarmed Combat
  1015 | D:1      | Reached XP level 3. HP: 27/28 MP: 6/6
  1242 | D:2      | Found a sacrificial altar of Ru.
  1315 | D:2      | Found a faded altar of an unknown god.
  1396 | D:2      | Became a worshipper of Ru the Awakened
  2272 | D:3      | Reached XP level 4. HP: 35/35 MP: 7/7
  2361 | D:3      | You fall into a shaft and drop 1 floor!
  2401 | D:4      | Noticed a scorpion
  2435 | D:4      | Learned a level 3 spell: Spider Form
  2504 | D:4      | Noticed a water moccasin
  2505 | D:4      | HP: 1/35 [frozen (5)]
  2505 | D:4      | Slain by a gnoll

Illustrated notes

Levels and vault maps discovered:
D:1:      evilmike_arrival_fibonacci_small, layout_basic, serial_shops,
          nicolae_shop_hallway_plus
D:2:      layout_basic, nicolae_ecumenical_lake_church, serial_corexii_hall,
          corexii_hall_statues_u, chequers_hall_statues_wall_a, basic_altar
D:3:      layout_basic, nemelex_spade_bored_becter, biasface_ghost_orc_armoury,
          serial_rivers, chequers_serial_rivers_micro_d,
          chequers_serial_rivers_room_b, chequers_serial_rivers_small_3,
          chequers_serial_rivers_micro_d, minivault_26, uniq_sigmund
D:4:      layout_basic, mainiacjoe_overflow_alcove_4

Skill      XL: |  1  2 |
---------------+-------+-----
Dodging        | 2 |  2.3
Unarmed Combat | 4 |  4.9
Fighting       | |  1.5
Spellcasting   | |  2.0
Transmutations | |  2.2

Action                   |  1- 3 |  4- 6 || total
-------------------------+-------+-------++-------
Melee: Unarmed           |   141 |    25 ||   166
       Tailslap          |    19 |     8 ||    27
       Punch             |     4 |     1 ||     5
 Stab: Sleeping          |     2 |       ||     2
Armor: Skin              |    47 |     6 ||    53
Dodge: Dodged            |    90 |    20 ||   110
